 Dungeon Crawl Stone Soup version 0.26-a0-652-gafc20e3620 (webtiles) character file.

Game seed: 9845480745690525289

589564 dolemite99 the Warrior (level 26, -5/196 HPs)
             Began as a Demonspawn Gladiator on Oct 3, 2020.
             Was an Initiate of Gozag.
             Splashed by an acid blob's acid (6 damage)
             ... on level 5 of the Pits of Slime.
             The game lasted 03:24:20 (101131 turns).

dolemite99 the Warrior (Demonspawn Gladiator)     Turns: 101131, Time: 03:24:20

Health: -5/196     AC: 35    Str: 29    XL:     26   Next: 17%
Magic:  27/35      EV: 17    Int: 13    God:    Gozag
Gold:   238        SH:  0    Dex: 17    Spells: 34/42 levels left

rFire    + + +     SeeInvis .   b - +3 great mace (flame)
rCold    + + +     Faith    .   (shield currently unavailable)
rNeg     + . .     Spirit   .   o - +8 gold dragon scales
rPois    +         Reflect  .   (helmet restricted)
rElec    .         Harm     .   i - scarf {repulsion}
rCorr    +         Rampage  .   p - +3 pair of gauntlets of War {Slay+5}
MR       +....                  (boots unavailable)
Stlth    ..........             U - amulet of Sufeux {+Inv Regen+ Str+5 Slay+4}
HPRegen  0.82/turn              R - ring "Tyak" {rC+ rCorr Int+3}
MPRegen  0.24/turn              u - ring "Amuutaxyl" {rF+ rN+ Str+4}

@: agile, corroded, very slightly contaminated, invisible, repel missiles
A: beak, talons 3, icy blue scales 3, demonic guardian 3, deterioration 2, dopey
2, fire resistance 2, frail 1, powered by pain 3, flame cloud immunity, subdued
magic 1
}: 3/15 runes: decaying, serpentine, silver
a: Potion Petition, Call Merchant, Bribe Branch, Renounce Religion


You were on level 5 of the Pits of Slime.
You worshipped Gozag.
Gozag was aware of your devotion.
You visited 12 branches of the dungeon, and saw 59 of its levels.
You also visited: Trove and Ossuary.

You collected 39193 gold pieces.
You spent 13430 gold pieces at shops.
You paid 25525 gold pieces to Gozag.

Inventory:

Hand Weapons
 a - the +10 longbow of Action {vorpal, rC+ Str-2 Int+3}
   (You found it on level 3 of the Depths)

   Any arrow fired from it inflicts extra damage.
   It affects your strength (-2).
   It affects your intelligence (+3).
   It protects you from cold.
 b - a +3 great mace of flaming (weapon)
 Q - a +7 vorpal longbow
 T - a +6 great mace
Missiles
 t - 1130 arrows
Armour
 c - a +1 helmet
 i - a scarf of repulsion (worn)
 o - +8 gold dragon scales (worn)
 p - the +3 pair of gauntlets of War (worn) {Slay+5}
   (You acquired it on level 2 of the Swamp)

   It affects your accuracy and damage with ranged weapons and melee attacks
   (+5).
Jewellery
 d - the ring of Naahiad {MR+ Str+4 Int-2 SInv}
   (You found it on level 3 of the Crypt)

   [ring of protection from magic]

   It affects your strength (+4).
   It affects your intelligence (-2).
   It affects your resistance to hostile enchantments.
   It lets you see invisible.
 u - the ring "Amuutaxyl" (right hand) {rF+ rN+ Str+4}
   (You bought it in a shop on level 11 of the Dungeon)

   [ring of protection from fire]

   It affects your strength (+4).
   It protects you from fire.
   It protects you from negative energy.
 w - a cursed -4 ring of evasion
 A - the ring "Raing" {rF+ rC+ Slay+2}
   (You bought it in a shop on level 11 of the Dungeon)

   [ring of protection from cold]

   It affects your accuracy and damage with ranged weapons and melee attacks
   (+2).
   It protects you from fire.
   It protects you from cold.
 F - the ring "Acku" {rN+ Str+6}
   (You found it on level 3 of the Elven Halls)

   [ring of strength]

   It affects your strength (+6).
   It protects you from negative energy.
 G - an uncursed ring of protection from magic
 R - the ring "Tyak" (left hand) {rC+ rCorr Int+3}
   (You found it on level 2 of the Depths)

   [ring of resist corrosion]

   It affects your intelligence (+3).
   It protects you from cold.
   It provides partial protection from all sources of acid and corrosion.
 U - the amulet of Sufeux (around neck) {+Inv Regen+ Str+5 Slay+4}
   (You bought it in a shop on level 11 of the Dungeon)

   [amulet of regeneration]

   It affects your strength (+5).
   It affects your accuracy and damage with ranged weapons and melee attacks
   (+4).
   It lets you turn invisible.
   It increases your rate of regeneration.
 X - the ring "Qimonn" {rElec Str+3 Dex+6}
   (You acquired it on level 5 of the Vaults)

   [ring of dexterity]

   It affects your strength (+3).
   It affects your dexterity (+6).
   It insulates you from electricity.
Wands
 k - a wand of digging (27)
 m - a wand of polymorph (32)
 y - a wand of paralysis (33)
 z - a wand of iceblast (31)
 H - a wand of enslavement (31)
 N - a wand of disintegration (19)
Scrolls
 h - 10 scrolls of immolation
 q - 15 scrolls of teleportation
 r - 21 scrolls of remove curse {@r2}
 s - 9 scrolls of identify {@r1}
 J - 2 scrolls of magic mapping
 O - 8 scrolls of fear
 S - 4 scrolls of silence
 Z - a scroll of enchant weapon
Potions
 e - 15 potions of curing
 g - 7 potions of flight
 j - 6 potions of stabbing
 l - 2 potions of cancellation
 n - 9 potions of berserk rage
 v - a potion of might
 B - 4 potions of ambrosia
 C - 9 potions of magic
 K - 8 potions of brilliance
 V - 5 potions of mutation
 W - a potion of invisibility
Miscellaneous
 f - a tin of tremorstones (3/3)
 x - a phantom mirror
 D - a lightning rod (4/4)
 I - a box of beasts (2/3)
 M - a condenser vane (1/2)
 P - a phial of floods (inert)


   Skills:
 - Level 20.0 Fighting
 - Level 18.3(18.7) Maces & Flails
   Level 6.6(13.8) Staves
 - Level 16.3 Bows
 - Level 1.7 Throwing
 - Level 18.7 Armour
 - Level 9.1 Dodging
 - Level 8.9 Spellcasting
 - Level 14.5 Translocations
 - Level 7.6 Air Magic
 - Level 9.1 Poison Magic
 + Level 18.2 Evocations


You had 34 spell levels left.
You knew the following spells:

 Your Spells              Type           Power        Failure   Level
a - Poisonous Vapours     Pois/Air       ###...       6%          2
c - Mephitic Cloud        Conj/Pois/Air  ###.....     36%         3
g - Apportation           Tloc           ####..       1%          1
z - Blink                 Tloc           N/A          1%          2

Your spell library contained the following spells:

 Spells                   Type           Power        Failure   Level
 Sting                    Tmut/Pois      ##..         19%         1
 Portal Projectile        Hex/Tloc       ###...       19%         3
 Olgreb's Toxic Radiance  Pois           ###.....     30%         4
 Spider Form              Tmut/Pois      ##........   52%         3
 Iskenderun's Mystic Bla  Conj/Tloc      ###.....     54%         4
 Static Discharge         Conj/Air       ##......     63%         3
 Ignite Poison            Fire/Tmut/Pois ##......     75%         3
 Animate Skeleton         Necr           #.....       80%         1
 Corona                   Hex            #......      80%         1
 Foxfire                  Conj/Fire      #...         80%         1
 Magic Dart               Conj           #...         80%         1
 Pain                     Necr           #...         80%         1
 Summon Small Mammal      Summ           #...         80%         1
 Call Imp                 Summ           #.......     91%         2
 Searing Ray              Conj           #.....       91%         2
 Slow                     Hex            #.......     91%         2
 Sublimation of Blood     Necr           #.........   91%         2
 Summon Lightning Spire   Summ/Air       ##......     96%         4
 Conjure Flame            Conj/Fire      #.......     99%         3
 Dazzling Flash           Conj/Hex       #.....       99%         3
 Frozen Ramparts          Ice            #.....       99%         3
 Inner Flame              Hex/Fire       #.......     99%         3
 Stone Arrow              Conj/Erth      #.....       99%         3
 Vampiric Draining        Necr           #.........   99%         3
 Alistair's Intoxication  Tmut/Pois      ##.......    99%         5
 Animate Dead             Necr           #.........   100%        4
 Cause Fear               Hex            #.........   100%        4
 Fulminant Prism          Conj/Hex       #.........   100%        4
 Hailstorm                Conj/Ice       #.......     100%        4
 Ice Form                 Ice/Tmut       #.......     100%        4
 Leda's Liquefaction      Hex/Erth       #.........   100%        4
 Sticky Flame             Conj/Fire      #.......     100%        4
 Agony                    Necr           #.......     100%        5
 Bolt of Magma            Conj/Fire/Erth #.........   100%        5
 Excruciating Wounds      Necr           #.........   100%        5
 Fireball                 Conj/Fire      #.........   100%        5
 Irradiate                Conj/Tmut      #.........   100%        5
 Iskenderun's Battlesphe  Conj           #.......     100%        5
 Metabolic Englaciation   Hex/Ice        #.........   100%        5
 Silence                  Hex/Air        ##........   100%        5
 Conjure Ball Lightning   Conj/Air       ##........   100%        6
 Eringya's Noxious Bog    Tmut/Pois      ##........   100%        6
 Freezing Cloud           Conj/Ice/Air   #.........   100%        6
 Hydra Form               Tmut           #.........   100%        6
 Iron Shot                Conj/Erth      #.........   100%        6
 Ozocubu's Refrigeration  Ice            #.........   100%        6
 Simulacrum               Ice/Necr       #.........   100%        6
 Starburst                Conj/Fire      #.........   100%        6
 Statue Form              Tmut/Erth      #........    100%        6
 Dragon Form              Tmut           #.........   100%        7
 Orb of Destruction       Conj           #.........   100%        7
 Spellforged Servitor     Conj/Summ      #.........   100%        7
 Chain Lightning          Conj/Air       ##........   100%        8
 Ignition                 Fire           #.........   100%        8
 Lehudib's Crystal Spear  Conj/Erth      #.........   100%        8
 Absolute Zero            Ice            #.........   100%        9
 Fire Storm               Conj/Fire      #.........   100%        9
 Shatter                  Erth           #.........   100%        9
 Tornado                  Air            ###.......   100%        9


Dungeon Overview and Level Annotations

Branches:
Dungeon (15/15)            Temple (0/1) D:6            Lair (6/6) D:11
  Swamp (4/4) Lair:2        Snake (4/4) Lair:4        Slime (5/5) Lair:6
    Orc (2/2) D:10            Elf (3/3) Orc:2        Vaults (5/5) D:13
  Crypt (3/3) Vaults:2       Tomb (0/3) Crypt:3      Depths (4/5) D:15
   Hell (visited)             Dis (0/7) Hell            Geh (7/7) Hell
    Coc (0/7) Hell            Tar (0/7) Hell        Ossuary (visited)

Altars:
Cheibriados
Elyvilon
Gozag
Hepliaklqana
Kikubaaqudgha
Okawaru
Ru
Sif Muna
Trog
Uskayaw
Vehumet
Wu Jian
Xom
Yredelemnul
Beogh
Jiyva
Lugonu

Shops:
D:6 :   D:11 =[   Orc:1 :   Orc:2 !}?}   Elf:2 ?   Lair:1 [   Snake:1 }
Snake:2 }   Snake:3 *[(   Snake:4 !   Vaults:5 ?(=?!}:!?:   Depths:1 :
Depths:2 *

Portals:
Hell: Depths:1 Depths:2 Depths:3 Depths:4
Abyss: Depths:2 Depths:4
Pandemonium: Depths:3
Ziggurat: Depths:1

Annotations:
D:5 3 runed translucent doors, neoxian's ghost, weakling GnDe
Lair:5 exclusion: downstairs
Elf:2 3 runed translucent doors
Vaults:3 Jory
Crypt:3 Boris
Depths:3 2 transporters
Geh:7 Asmodeus


Innate Abilities, Weirdness & Mutations

You have claws for feet.
You are completely covered in icy blue scales. (AC +4, rC+)
A powerful demonic guardian rushes to your aid.
Your flesh is very heat resistant. (rF++)
You are powered by pain.
You are immune to clouds of flame.
You have a beak for a mouth.
Your body often deteriorates upon taking damage.
You are very dopey. (Int -4)
You are frail. (-10% HP)
Your spells are a little easier to cast, but a little less powerful.


Message History

Press: ? - help, Shift-Dir - straight line, f/p - acid blob
Aim: an acid blob (moderately wounded)
The mass of ice explodes!
The iceblast engulfs the acid blob!!
The acid blob is heavily wounded.
The acid blob spits acid at you.
The splash of acid hits you but does no damage.
The acid corrodes you!
You are splashed with acid!
You resist.
* * * LOW HITPOINT WARNING * * *
Evoke which item? (* to show all) (? for menu, Esc to quit)
Aiming: Iceblast
Press: ? - help, Shift-Dir - straight line, f/p - acid blob
Aim: an acid blob (heavily wounded)
The mass of ice explodes!
The iceblast engulfs the acid blob!!!
The acid blob is severely wounded.
The acid blob spits acid at you. The splash of acid hits you! You resist.
* * * LOW HITPOINT WARNING * * *
You are splashed with acid.
You resist.
You die...
Your body crumbles into a pile of gold.

........ ...............
........ ...............
....§§.. ...............
........
........................
≈≈≈≈....................
≈≈≈.....................
≈≈≈.....................
≈≈J....@................
≈≈≈.....................
........#####.####......
.......##$ #..##?##.....
......# / $#.##$?(##....
.........#
|(##..##))?##...
........#
φ|!...J[[$=/##..
G.......#
$|?....J.!)()##..
........# $.)....GJ)$#
#..


You could see an acid blob.

Vanquished Creatures
  the Royal Jelly (Slime:5)
  the Serpent of Hell (Geh:7)
  An ancient lich (Vaults:5)
  Geryon (Hell)
  3 golden dragons
  2 liches
  15 Brimstone Fiends
  A titan (Vaults:5)
  An ancient champion (Crypt:2)
  6 sphinxes
  A quicksilver dragon (Depths:4)
  Frances (D:12)
  8 acid blobs
  4 shadow dragons
  A thorn hunter (Swamp:4)
  2 storm dragons
  11 tengu reavers
  A revenant (Crypt:1)
  6 nagarajas (Snake:4)
  7 azure jellies
  Roxanne (D:14)
  2 balrugs
  5 iron dragons
  7 fire giants
  5 frost giants
  5 vault wardens
  A deep elf sorcerer (Elf:1)
  Nessos (D:12)
  A juggernaut zombie (Crypt:3)
  2 orc warlords
  2 cacodemons (Hell)
  2 curse skulls
  4 ghouls (Crypt:2)
  16 stone giants
  A deep elf elementalist (Depths:2)
  6 spriggan defenders
  7 ironheart preservers
  17 very ugly things
  8 reapers
  3 war gargoyles
  6 vampire knights
  3 deep elf demonologists
  2 deep elf annihilators
  Azrael (Elf:1)
  9 spark wasps
  4 eidola
  5 dire elephants (Lair:6)
  2 deep elf death magi (Vaults:5)
  A blizzard demon (Depths:4)
  6 quicksilver dragon zombies
  6 ettins
  9 fire dragons
  3 jiangshi
  12 yaktaur captains
  A kraken zombie (Hell)
  Josephine (D:11)
  6 death oozes
  4 deep elf high priests (Depths:4)
  17 hydras
  Harold (D:11)
  2 quicksilver dragon skeletons (Crypt:3)
  5 great orbs of eyes
  9 ice dragons
  12 naga warriors
  6 rakshasas
  Fannar (D:12)
  11 vault guards
  The ghost of Shoal the Martial Artist, a journeyman DsMo of Gozag (Lair:1)
  4 death knights
  5 shambling mangroves
  14 ogre magi
  15 anacondas
  9 centaur warriors
  3 spriggan air magi
  39 two-headed ogres
  8 alligators
  A spectral stone giant (Crypt:3)
  2 deep troll shamans
  6 orc high priests (Orc:2)
  10 hell hogs
  Urug (D:11)
  12 spriggan berserkers
  10 tengu warriors
  4 shock serpents
  2 deep troll earth magi
  3 vampire magi
  21 naga sharpshooters
  44 hell knights
  4 titan zombies
  3 titan skeletons
  4 soul eaters
  2 iron golems
  A fire crab (shapeshifter) (Vaults:4)
  Nergalle (Lair:1)
  10 deep elf knights
  7 sun demons
  A sixfirhy (Hell)
  5 salamander mystics
  2 quicksilver dragon simulacra (Depths:4)
  2 iron trolls (Depths:3)
  2 golden dragon zombies
  8 shadow wraiths
  26 skeletal warriors
  2 storm dragon skeletons
  3 unseen horrors
  4 spriggan druids
  A ghost moth zombie (Geh:1)
  An anaconda zombie (Geh:5)
  3 glowing orange brains
  23 phantasmal warriors
  3 wizards
  A lindwurm (shapeshifter) (Depths:2)
  2 anaconda skeletons
  13 deep trolls
  Pikel (D:5)
  11 swamp dragons
  11 flayed ghosts
  3 wolf spider zombies
  8 deep elf archers
  2 shadow dragon zombies (Geh:7)
  A golden dragon skeleton (Crypt:3)
  22 orc knights
  7 naga ritualists
  3 lindwurms (Swamp:4)
  29 deep elf magi
  10 ironbrand convokers
  20 mana vipers
  4 oklob plants (Lair:2)
  4 iron dragon zombies
  7 harpies
  8 necromancers
  2 fire giant zombies (Geh:7)
  3 shadow dragon skeletons
  2 orb spiders (shapeshifter)
  7 orc sorcerers
  3 frost giant zombies
  15 salamanders
  3 wolf spiders
  A wolf spider (shapeshifter) (Elf:2)
  48 ugly things
  3 stone giant zombies
  3 manticores
  A human zombie (Vaults:5)
  6 shining eyes
  9 cyclopes
  5 iron dragon skeletons
  5 frost giant skeletons
  A sphinx skeleton (Crypt:2)
  4 elephants (Lair:6)
  31 black mambas
  An ice statue (Depths:4)
  An elephant (shapeshifter) (Depths:2)
  A moth of wrath (shapeshifter) (D:13)
  13 vault sentinels
  7 guardian serpents
  An orange demon (Hell)
  7 molten gargoyles
  3 fire giant skeletons
  11 naga magi
  13 rust devils
  A stone giant skeleton (Geh:2)
  A dire elephant skeleton (Crypt:3)
  2 smoke demons
  A titan simulacrum (Crypt:3)
  9 gargoyles
  23 cane toads
  4 kobold demonologists
  An eye of devastation (Slime:2)
  16 hellions
  8 komodo dragons
  4 centaur skeletons
  6 efreet
  2 rime drakes (Lair:4)
  5 tormentors
  An emperor scorpion zombie (Geh:2)
  A white draconian skeleton (Crypt:2)
  10 freezing wraiths
  4 tengu conjurers
  48 yaktaurs
  A harpy zombie (Geh:1)
  2 catoblepas skeletons
  A komodo dragon (shapeshifter) (Vaults:5)
  6 ice devils
  A human skeleton (Vaults:3)
  8 trolls
  20 red devils
  2 trolls (shapeshifter)
  3 hydra zombies
  A wolf spider simulacrum (Hell)
  3 meliai (D:13)
  A merfolk (shapeshifter) (Depths:2)
  23 hornets
  Prince Ribbit (D:6)
  A snapping turtle (shapeshifter) (Depths:1)
  13 hippogriffs
  8 dream sheep (Lair:6)
  A harpy skeleton (Geh:7)
  5 tyrant leeches
  5 bog bodies
  20 blink frogs
  A dream sheep (shapeshifter) (Depths:2)
  3 hydra skeletons
  80 slime creatures
  A fire dragon zombie (Geh:5)
  3 ice dragon zombies
  18 shadows
  An alligator skeleton (Hell)
  2 ice dragon skeletons
  3 fire dragon skeletons
  42 flying skulls
  2 black mamba zombies
  A redback (shapeshifter) (Vaults:3)
  A tarantella (shapeshifter) (Depths:4)
  3 redbacks
  5 ettin skeletons
  3 air elementals
  A centaur simulacrum (D:15)
  5 water elementals
  A yak (shapeshifter) (D:15)
  A shock serpent simulacrum (Crypt:3)
  A black mamba skeleton (Geh:1)
  30 wraiths
  2 wyverns
  3 basilisks
  27 yaks
  11 spriggans
  32 fire elementals
  A wind drake skeleton (Crypt:1)
  A merfolk zombie (Geh:4)
  17 vampire mosquitoes
  9 wargs
  An acid dragon (shapeshifter) (Vaults:4)
  Edmund (D:4)
  54 nagas
  2 acid dragons
  14 swamp worms
  10 water moccasins
  33 hell hounds
  A soldier ant (D:15)
  A soldier ant (shapeshifter) (D:14)
  11 porcupines
  A floating eye (Depths:2)
  A merfolk skeleton (Geh:2)
  3 cane toad skeletons
  3 eyes of draining
  A black bear (shapeshifter) (Vaults:5)
  2 manticore zombies
  A black bear (D:6)
  5 ice beasts
  An ice beast (shapeshifter) (Vaults:5)
  2 sky beasts
  14 swamp drakes
  54 orc warriors
  8 phantoms
  7 wolves
  2 dream sheep zombies
  2 hornet zombies
  2 snapping turtle zombies
  10 necrophages
  4 boggarts (Vaults:2)
  43 ogres
  A swamp dragon skeleton (Geh:7)
  16 centaurs
  6 ettin simulacra (Depths:4)
  A dream sheep skeleton (Crypt:2)
  A manticore skeleton (Geh:2)
  5 big kobolds
  16 crocodiles
  A yaktaur zombie (Crypt:1)
  A gnoll sergeant (D:10)
  2 earth elementals (Elf:3)
  15 bullfrogs
  A salamander skeleton (Crypt:3)
  5 wyvern skeletons
  27 killer bees
  A raiju zombie (Crypt:3)
  5 scorpions
  A spectral tengu (Crypt:3)
  50 wights
  2 howler monkeys (D:5)
  A troll skeleton (Crypt:3)
  A polar bear skeleton (Crypt:1)
  An electric eel (D:7)
  2 wolf zombies (Crypt:3)
  6 bullfrog zombies
  4 crimson imps
  2 centaur zombies
  A demonspawn zombie (Crypt:2)
  3 bullfrog skeletons
  A jelly (shapeshifter) (Depths:2)
  16 jellies
  35 orc priests
  7 hounds
  14 orc wizards
  3 iguanas
  13 worker ants
  2 porcupine skeletons
  A big kobold zombie (Crypt:2)
  An acid dragon skeleton (Crypt:3)
  5 mummies
  A howler monkey skeleton (D:6)
  A worker ant zombie (D:8)
  11 adders
  9 gnolls
  2 white imps (D:5)
  2 ufetubi
  3 oozes
  An iguana skeleton (Crypt:3)
  3 worms
  A barachi zombie (Crypt:1)
  2 dart slugs
  6 leopard geckos
  112 orcs
  3 ball pythons
  4 giant cockroaches
  3 goblins
  9 hobgoblins
  11 jackals
  3 quokkas
  10 bats
  5 frilled lizards
  A gnoll skeleton (Crypt:1)
  3 gnoll zombies (Ossuary)
  2 goblin zombies
  A hobgoblin zombie (Ossuary)
  A jackal skeleton (D:4)
  20 kobolds
  A kobold zombie (Ossuary)
  3 orc zombies
  3 rats
  2 tentacles (Hell)
2417 creatures vanquished.

Vanquished Creatures (collateral kills)
  An ancient lich (Vaults:5)
  Sojobo (Crypt:2)
  Margery (Vaults:3)
  A golden dragon (Vaults:5)
  the Enchantress (Depths:4)
  A lich (Depths:2)
  A deep elf master archer (Elf:3)
  A titan (Vaults:5)
  A sphinx (Depths:2)
  2 acid blobs
  2 ancient champions
  3 tengu reavers
  2 storm dragons
  An azure jelly (Slime:5)
  A balrug (Geh:7)
  3 deep elf sorcerers
  Louise (Elf:3)
  2 vault wardens
  3 reapers
  A deep elf elementalist (Elf:3)
  2 ghouls (Crypt:2)
  4 ironheart preservers
  2 spriggan defenders (Depths:4)
  A very ugly thing (Depths:4)
  A vampire knight (Crypt:2)
  A war gargoyle (Hell)
  2 stone giants
  2 spark wasps (Depths:2)
  A deep elf annihilator (Elf:3)
  2 deep elf death magi
  2 ettins
  3 jiangshi
  3 death oozes (Slime:2)
  2 fire dragons
  3 yaktaur captains
  A rakshasa (Depths:2)
  A quicksilver dragon skeleton (Geh:2)
  A great orb of eyes (shapeshifter) (Vaults:5)
  6 vault guards (Vaults:5)
  3 hydras
  An anaconda (Lair:6)
  3 naga warriors
  3 death knights
  A spectral fire giant (Crypt:3)
  A dancing weapon (Elf:3)
  7 two-headed ogres
  An ogre mage (Vaults:5)
  3 tengu warriors (Depths:4)
  A deep troll earth mage (Vaults:4)
  2 deep troll shamans (Vaults:4)
  A deep elf knight (Elf:2)
  2 naga sharpshooters (Snake:4)
  A titan zombie (Vaults:5)
  2 spriggan berserkers (Depths:4)
  6 hell knights
  2 soul eaters
  A sixfirhy (Hell)
  2 shadow wraiths (Crypt:3)
  2 salamander mystics (Snake:4)
  2 skeletal warriors
  An anaconda zombie (Hell)
  A glowing orange brain (Vaults:4)
  3 golden dragon zombies (Geh:2)
  2 shadow dragon zombies (Geh:2)
  A spectral hydra (Crypt:3)
  A swamp dragon (Swamp:4)
  3 deep trolls
  2 naga ritualists
  3 flayed ghosts
  2 harpies
  An ironbrand convoker (Vaults:2)
  6 phantasmal warriors
  A mana viper (Snake:3)
  A deep elf archer (Vaults:3)
  2 anaconda skeletons
  An orc knight (Vaults:2)
  A stone giant zombie (Geh:2)
  An iron dragon zombie (Geh:1)
  8 necromancers
  5 ugly things
  3 deep elf magi
  A frost giant zombie (Geh:7)
  A salamander (Snake:1)
  8 slime creatures
  A dire elephant zombie (Geh:2)
  3 frost giant skeletons
  2 stone giant skeletons
  A guardian serpent (Snake:4)
  2 black mambas
  4 rust devils
  6 molten gargoyles (Geh:7)
  A smoke demon (Geh:7)
  A shock serpent skeleton (Geh:2)
  A catoblepas zombie (Geh:2)
  5 yaktaurs
  A hellion (Geh:5)
  A white draconian zombie (Crypt:3)
  A kobold demonologist (D:12)
  4 freezing wraiths
  3 efreet (Geh:2)
  A komodo dragon (Lair:2)
  A human zombie (Vaults:5)
  2 ice devils (Hell)
  A catoblepas skeleton (Geh:2)
  2 hydra zombies (Hell)
  A tormentor (Geh:2)
  8 red devils
  3 hydra skeletons
  2 dream sheep (Lair:6)
  A raiju (shapeshifter) (Depths:4)
  22 flying skulls
  3 shadows
  An alligator skeleton (Geh:2)
  3 spriggans
  2 ettin skeletons (Geh:7)
  A yak (D:10)
  6 fire elementals
  5 wraiths
  2 golden eyes (Slime:2)
  5 nagas (Snake:4)
  A warg (D:10)
  A floating eye (Slime:2)
  11 hell hounds
  2 porcupines (Lair:2)
  An orc warrior (Vaults:2)
  An alligator simulacrum (Hell)
  7 ogres
  2 necrophages (Crypt:2)
  A snapping turtle skeleton (Geh:3)
  A swamp dragon skeleton (Geh:2)
  A yaktaur skeleton (Crypt:2)
  2 killer bees (D:8)
  9 wights
  A troll skeleton (Geh:2)
  2 crimson imps
  A human simulacrum (Vaults:3)
  2 orc wizards
  A human skeleton (Geh:2)
  An acid dragon zombie (Crypt:2)
  An adder (D:12)
  4 orcs
338 creatures vanquished.

Vanquished Creatures (others)
  9 Brimstone Fiends
  A lich (Geh:7)
  A tentacled monstrosity (Vaults:5)
  2 deep elf blademasters (Elf:3)
  3 deep elf master archers (Elf:3)
  3 titans (Vaults:5)
  3 revenants
  3 tengu reavers (Vaults:5)
  3 fire giants
  5 balrugs
  A frost giant (Vaults:5)
  4 vault wardens (Vaults:5)
  A deep elf elementalist (Elf:3)
  4 ironheart preservers
  A stone giant (Vaults:5)
  An entropy weaver (Vaults:3)
  A deep elf demonologist (Elf:2)
  2 vampire knights (Crypt:3)
  3 deep elf annihilators
  An ettin (Vaults:5)
  3 yaktaur captains
  3 deep elf death magi
  2 deep elf high priests
  2 jiangshi (Crypt:3)
  2 rakshasas
  A quicksilver dragon skeleton (Geh:7)
  11 vault guards (Vaults:5)
  A death knight (Vaults:1)
  11 two-headed ogres
  11 dancing weapons
  A vampire mage (Crypt:3)
  4 sun demons
  4 ogre magi
  2 deep elf knights (Elf:3)
  3 hell knights
  3 orc knights
  2 shadow wraiths (Crypt:3)
  3 skeletal warriors (Crypt:3)
  A glowing orange brain (Vaults:1)
  3 flayed ghosts
  An anaconda zombie (Geh:2)
  2 deep elf archers
  2 trolls
  A wolf spider zombie (Geh:1)
  3 phantasmal warriors
  4 ironbrand convokers
  3 necromancers
  6 deep elf magi
  A wolf spider (Vaults:5)
  A cyclops (Vaults:2)
  An orc sorcerer (Vaults:2)
  A fire giant skeleton (Geh:3)
  A dire elephant zombie (Geh:7)
  2 stone giant skeletons (Geh:7)
  2 vault sentinels
  A molten gargoyle (Geh:7)
  A cane toad (shapeshifter) (Vaults:1)
  A smoke demon (Geh:3)
  10 yaktaurs
  A rust devil (Hell)
  4 hellions
  An efreet (Geh:5)
  A freezing wraith (Crypt:3)
  2 tormentors
  5 orc warriors
  4 red devils
  15 flying skulls
  An ice dragon skeleton (Geh:7)
  A black mamba zombie (Geh:7)
  2 redbacks (Vaults:3)
  An ettin skeleton (Geh:1)
  A shadow (Geh:2)
  4 wraiths
  5 fire elementals
  A naga (Snake:4)
  3 hell hounds
  2 necrophages (Geh:3)
  A lindwurm zombie (Crypt:3)
  A boggart (Vaults:2)
  9 ogres
  A swamp dragon skeleton (Geh:3)
  An elf skeleton (Geh:7)
  13 wights
  3 crimson imps
  A centaur zombie (Crypt:3)
  An orc priest (Vaults:2)
  A human skeleton (Geh:5)
  An orc wizard (D:10)
  A white imp (Vaults:3)
  3 orcs
  48 fungi
  57 plants
  4 tentacles (Hell)
369 creatures vanquished.

Grand Total: 3124 creatures vanquished

Notes
Turn   | Place    | Note
-------+----------+-------------------------------------------
     0 | D:1      | dolemite99 the Demonspawn Gladiator began the quest for the
                  | Orb.
     0 | D:1      | Reached XP level 1. HP: 16/16 MP: 1/1
   371 | D:1      | Gained mutation: You are partially covered in icy blue
                  | scales. (AC +2) [demonic ancestry]
   371 | D:1      | Reached XP level 2. HP: 22/22 MP: 2/2
  1230 | D:2      | Reached XP level 3. HP: 24/27 MP: 3/3
  1547 | D:2      | Found an opulent altar of Gozag.
  1566 | D:2      | Became a worshipper of Gozag Ym Sagoz the Greedy
  1678 | D:2      | Reached XP level 4. HP: 33/33 MP: 4/4
  3185 | D:3      | Found a sacrificial altar of Ru.
  3304 | D:3      | Reached skill level 5 in Staves
  3445 | D:4      | Gained mutation: You have sharp toenails. [demonic
                  | ancestry]
  3445 | D:4      | Reached XP level 5. HP: 34/38 MP: 5/5
  3524 | D:4      | Found an ancient bone altar of Kikubaaqudgha.
  3857 | D:4      | Noticed Edmund
  3868 | D:4      | Killed Edmund
  3868 | D:4      | Gained mutation: You have razor-sharp toenails. [demonic
                  | ancestry]
  3868 | D:4      | Reached XP level 6. HP: 43/44 MP: 6/6
  4491 | D:4      | Found a radiant altar of Vehumet.
  4554 | D:5      | Entered Level 5 of the Dungeon
  4560 | D:5      | Reached skill level 1 in Maces & Flails
  4865 | D:5      | Gained mutation: A weak demonic guardian rushes to your
                  | aid. [demonic ancestry]
  4865 | D:5      | Reached XP level 7. HP: 29/50 MP: 7/7
  5437 | D:5      | Found a runed translucent gate.
  5437 | D:5      | Found a runed translucent gate.
  5437 | D:5      | Found a runed translucent gate.
  5439 | D:5      | Noticed neoxian's ghost (weakling GnDe)
  5442 | D:5      | Identified the +5 dagger of the Beast {venom, Dex+3}
  5455 | D:5      | Noticed Pikel
  5469 | D:5      | Killed Pikel
  5469 | D:5      | Gained mutation: You have claws for feet. [demonic
                  | ancestry]
  5469 | D:5      | Reached XP level 8. HP: 56/56 MP: 8/8
  6196 | D:6      | Found a staircase to the Ecumenical Temple.
  6257 | D:6      | Noticed Prince Ribbit
  6400 | D:6      | Found an ornate altar of the Wu Jian Council.
  6453 | D:6      | Found a sand-covered staircase.
  6466 | Ossuary  | Entered an ossuary
  6893 | D:6      | Reached skill level 3 in Fighting
  7227 | D:6      | Learned a level 2 spell: Blink
  7267 | D:6      | Found Weikhlaf's Book Shop.
  7270 | D:6      | Bought a Young Poisoner's Handbook for 480 gold pieces
  7273 | D:6      | Learned a level 2 spell: Poisonous Vapours
  7277 | D:6      | Learned a level 3 spell: Mephitic Cloud
  7347 | D:6      | Found a shimmering altar of Xom.
  7410 | D:6      | Killed Prince Ribbit
  7410 | D:6      | Reached skill level 4 in Fighting
  7410 | D:6      | Gained mutation: You sometimes gain a little power by
                  | taking damage. [demonic ancestry]
  7410 | D:6      | Reached XP level 9. HP: 60/65 MP: 9/9
  7655 | D:7      | Found a basalt altar of Yredelemnul.
  7809 | D:7      | Found a white marble altar of Elyvilon.
  8499 | D:8      | Reached skill level 5 in Armour
  8948 | D:8      | Found a hazy altar of Hepliaklqana.
  9018 | D:8      | Got a jewelled cloak
  9033 | D:8      | Identified the cursed +0 cloak "Nilikk" {*Slow rF+ Dex+3}
                  | (You found it on level 8 of the Dungeon)
  9138 | D:8      | Reached skill level 5 in Fighting
  9732 | D:8      | Reached skill level 6 in Fighting
 10029 | D:9      | Found a sacrificial altar of Ru.
 10046 | D:9      | Found an iron altar of Okawaru.
 10208 | D:9      | Reached skill level 7 in Fighting
 10394 | D:9      | Found a shimmering blue altar of Sif Muna.
 10395 | D:9      | Found a snail-covered altar of Cheibriados.
 10458 | D:9      | Reached XP level 10. HP: 67/79 MP: 10/10
 10786 | D:9      | Found a bloodstained altar of Trog.
 10876 | D:10     | Entered Level 10 of the Dungeon
 10924 | D:10     | Reached skill level 1 in Poison Magic
 10931 | D:10     | Found a staircase to the Orcish Mines.
 11140 | D:10     | Noticed a gargoyle
 11154 | D:10     | Killed a gargoyle
 11662 | D:10     | Reached skill level 5 in Poison Magic
 11743 | D:10     | Killed an unseen horror
 12008 | D:10     | Identified the +7 hunting sling "Dousav" {vorpal, Str-5
                  | Int+6 Dex+2}
 12294 | D:10     | Reached skill level 1 in Air Magic
 12552 | Orc:1    | Entered Level 1 of the Orcish Mines
 12552 | Orc:1    | Noticed an orc knight
 12552 | Orc:1    | Noticed an orc sorcerer
 12561 | D:10     | Killed an orc sorcerer
 12607 | D:11     | Noticed a centaur warrior
 12856 | D:11     | Noticed Josephine
 13019 | D:11     | Killed a centaur warrior
 13019 | D:11     | Reached XP level 11. HP: 61/84 MP: 11/11
 13030 | D:11     | Reached skill level 5 in Air Magic
 13640 | D:11     | Noticed a cyan ugly thing
 13655 | D:10     | Reached skill level 1 in Bows
 13731 | D:11     | Noticed Harold
 13740 | D:11     | Killed Harold
 13746 | D:11     | Killed Josephine
 13751 | D:11     | Noticed a centaur warrior
 13784 | D:10     | Reached skill level 5 in Bows
 14074 | D:11     | Found Usokk's Antique Armour Shoppe.
 14106 | D:11     | Got a polished plate armour
 14124 | D:11     | Identified the +15 plate armour of the Stone Wall {Int+4
                  | Stlth-} (You found it on level 11 of the Dungeon)
 14180 | D:11     | Killed a centaur warrior
 14357 | D:11     | Found a staircase to the Lair.
 14570 | D:11     | Killed a cyan ugly thing
 14955 | D:10     | Killed an unseen horror
 15438 | D:11     | Noticed Urug
 15473 | D:11     | Killed Urug
 15908 | D:11     | Bought a glowing hat for 238 gold pieces
 15908 | D:11     | Bought a runed scarf for 272 gold pieces
 15976 | Lair:1   | Entered Level 1 of the Lair of Beasts
 16193 | Lair:1   | Reached skill level 1 in Spellcasting
 16445 | Lair:1   | Gained mutation: You sometimes gain power by taking damage.
                  | [demonic ancestry]
 16445 | Lair:1   | Reached XP level 12. HP: 91/91 MP: 13/15
 16506 | Lair:1   | Noticed Nergalle
 16522 | Lair:1   | Noticed Shoal's ghost (journeyman DsMo)
 16559 | Lair:1   | Killed Nergalle
 16651 | Lair:1   | Found a bloodstained altar of Trog.
 16910 | Lair:1   | Found a runed translucent gate.
 16910 | Lair:1   | Found a runed translucent gate.
 16910 | Lair:1   | Found a runed translucent gate.
 17552 | Lair:2   | Reached skill level 5 in Spellcasting
 17619 | Lair:2   | Found a staircase to the Swamp.
 17742 | Lair:2   | Noticed an eight-headed hydra
 17768 | Lair:2   | Killed an eight-headed hydra
 19738 | Lair:4   | Noticed an eight-headed hydra
 19748 | Lair:4   | Killed an eight-headed hydra
 19821 | Lair:4   | Found a staircase to the Snake Pit.
 20297 | Lair:4   | Learned a level 2 spell: Poisonous Vapours
 21147 | Lair:5   | Gained mutation: You are powered by pain. [demonic
                  | ancestry]
 21147 | Lair:5   | Reached XP level 13. HP: 95/96 MP: 25/25
 22582 | Lair:6   | Entered Level 6 of the Lair of Beasts
 24246 | Lair:6   | Found a staircase to the Slime Pits.
 24515 | Lair:6   | Reached skill level 1 in Evocations
 24526 | Lair:6   | Noticed a dire elephant
 24536 | Lair:6   | Killed a dire elephant
 25092 | Lair:6   | Noticed a dire elephant
 25092 | Lair:6   | Noticed a dire elephant
 25113 | Lair:6   | Killed a dire elephant
 25131 | Lair:6   | Killed a dire elephant
 25424 | Lair:6   | Noticed a dire elephant
 25440 | Lair:6   | Killed a dire elephant
 25445 | Lair:6   | Reached skill level 5 in Evocations
 26032 | D:11     | Bought the amulet of Sufeux {+Inv Regen+ Str+5 Slay+4} for
                  | 998 gold pieces
 26268 | Orc:1    | Found Xuleutz's Book Boutique.
 26665 | Orc:2    | Entered Level 2 of the Orcish Mines
 27413 | Orc:2    | Gained mutation: You are mostly covered in icy blue scales.
                  | (AC +3) [demonic ancestry]
 27413 | Orc:2    | Reached XP level 14. HP: 94/102 MP: 26/26
 27556 | Orc:2    | Found a staircase to the Elven Halls.
 27618 | Orc:2    | Paralysed by an orc sorcerer for 6 turns
 27815 | D:11     | Bought the ring "Raing" {rF+ rC+ Slay+2} for 663 gold
                  | pieces
 28117 | Orc:2    | Reached skill level 1 in Translocations
 28165 | Orc:2    | Found a roughly hewn altar of Beogh.
 28366 | Orc:2    | Found Nynaehoi's Magic Scroll Boutique.
 28444 | Orc:2    | Found Cinow's Gadget Shop.
 28473 | Orc:2    | Bought a tin of tremorstones (3/3) for 560 gold pieces
 28473 | Orc:2    | Bought a condenser vane (2/2) for 280 gold pieces
 28485 | Orc:2    | Bought a wand of iceblast (9) for 182 gold pieces
 29117 | Orc:2    | Noticed an orc warlord
 29130 | Orc:2    | Killed an orc warlord
 29277 | Orc:2    | Reached skill level 5 in Translocations
 29385 | Orc:2    | Paralysed by an orc sorcerer for 2 turns
 29465 | Orc:2    | Found a roughly hewn altar of Beogh.
 29877 | Orc:2    | Found Eskuoff's Gadget Emporium.
 29893 | Orc:2    | Bought a wand of iceblast (11) for 180 gold pieces
 29893 | Orc:2    | Bought a wand of polymorph (6) for 96 gold pieces
 29893 | Orc:2    | Bought a wand of paralysis (6) for 96 gold pieces
 29893 | Orc:2    | Bought a wand of paralysis (7) for 108 gold pieces
 30575 | Orc:2    | Found Fuzur's Distillery.
 30602 | Orc:2    | Bought a potion of resistance for 140 gold pieces
 30887 | D:12     | Noticed Fannar
 31728 | D:12     | Killed Fannar
 31787 | D:12     | Noticed Nessos
 32063 | D:12     | Killed Nessos
 32549 | D:12     | Noticed Frances
 32557 | D:12     | Killed Frances
 32953 | D:13     | Reached skill level 8 in Fighting
 33676 | D:13     | Reached XP level 15. HP: 54/110 MP: 27/27
 35456 | D:13     | Found a gate to the Vaults.
 35678 | D:14     | Reached skill level 9 in Fighting
 35950 | D:14     | Noticed Roxanne
 36227 | D:14     | Reached skill level 10 in Maces & Flails
 36951 | D:15     | Entered Level 15 of the Dungeon
 37045 | D:15     | Found an ancient bone altar of Kikubaaqudgha.
 37099 | D:15     | Found a snail-covered altar of Cheibriados.
 37740 | D:15     | Found a staircase to the Depths.
 38171 | Orc:2    | Bought a potion of stabbing for 56 gold pieces
 38171 | Orc:2    | Bought a potion of heal wounds for 70 gold pieces
 38171 | Orc:2    | Bought a potion of curing for 42 gold pieces
 38171 | Orc:2    | Bought a potion of flight for 42 gold pieces
 38228 | Orc:2    | Bought a scroll of blinking for 112 gold pieces
 38241 | Orc:2    | Bought a scroll of silence for 112 gold pieces
 38393 | Snake:1  | Entered Level 1 of the Snake Pit
 38556 | Snake:1  | Found Defe's Gadget Shoppe.
 38596 | Snake:1  | Bought a wand of acid (7) for 352 gold pieces
 38596 | Snake:1  | Bought a box of beasts (3/3) for 320 gold pieces
 38621 | Snake:1  | Bought a lightning rod (4/4) for 640 gold pieces
 38955 | Snake:1  | Identified the cursed +1 hunting sling "Emiozu" {venom,
                  | rC+++ MR+ Str-4 Dex+4} (You found it on level 1 of the
                  | Snake Pit)
 39546 | Snake:2  | Reached skill level 10 in Evocations
 39546 | Snake:2  | Reached XP level 16. HP: 63/121 MP: 17/28
 40712 | Snake:2  | Reached skill level 10 in Bows
 41775 | Snake:2  | Found Wasukh's Gadget Boutique.
 42059 | Snake:3  | Found Yrrep's Antique Weapon Shop.
 42742 | Snake:3  | Found Cukhlili's Armour Shop.
 42751 | Snake:3  | Bought a +2 pair of gloves of dexterity for 387 gold pieces
 42787 | Snake:3  | Found Pecaru's General Store.
 43695 | Snake:3  | Found a basalt altar of Yredelemnul.
 43776 | Snake:3  | Bought a +4 plate armour of poison resistance for 846 gold
                  | pieces
 44114 | Swamp:1  | Entered Level 1 of the Swamp
 45782 | Swamp:2  | Gained mutation: Your flesh is heat resistant. (rF+)
                  | [demonic ancestry]
 45782 | Swamp:2  | Reached XP level 17. HP: 108/127 MP: 29/29
 46446 | Swamp:2  | Identified a scroll of acquirement
 46447 | Swamp:2  | Acquired the +3 pair of gauntlets of War {Slay+5}
 46448 | Swamp:2  | Found the +3 pair of gauntlets of War {Slay+5}
 47019 | Slime:1  | Entered Level 1 of the Pits of Slime
 47564 | Swamp:3  | Reached skill level 10 in Armour
 47989 | Swamp:3  | Found a hide-covered altar of Uskayaw.
 48625 | Swamp:4  | Entered Level 4 of the Swamp
 49437 | Swamp:4  | Got a decaying rune of Zot
 50421 | Snake:4  | Entered Level 4 of the Snake Pit
 50706 | Snake:4  | Reached skill level 10 in Fighting
 50785 | Snake:4  | Reached skill level 11 in Fighting
 50819 | Snake:4  | Reached XP level 18. HP: 79/138 MP: 30/30
 50866 | Snake:4  | Reached skill level 12 in Fighting
 51109 | Snake:4  | Reached skill level 13 in Fighting
 51227 | Snake:4  | Got a serpentine rune of Zot
 51345 | Snake:4  | Found Laer Qei's Distillery.
 52581 | Snake:4  | Bought a potion of heal wounds for 75 gold pieces
 52581 | Snake:4  | Bought a potion of heal wounds for 75 gold pieces
 52581 | Snake:4  | Bought a potion of heal wounds for 75 gold pieces
 52812 | Vaults:1 | Entered Level 1 of the Vaults
 52931 | Vaults:1 | Reached skill level 14 in Fighting
 53516 | Vaults:1 | Found a portal to a secret trove of treasure.
 53604 | Vaults:1 | You paid a toll of 3 potions of resistance to enter a
                  | treasure trove
 53605 | Trove    | Entered a treasure trove
 53623 | Trove    | Got a coiled silver amulet
 53627 | Trove    | Identified the amulet "Didoazut" {Regen+ Dex+4 Stlth+} (You
                  | found it in a treasure trove)
 53634 | Trove    | Got a coiled amethyst amulet
 53635 | Trove    | Identified the amulet "Jadaxt" {Inacc rElec Str+3 Dex-4}
                  | (You found it in a treasure trove)
 54797 | Vaults:2 | Reached skill level 15 in Fighting
 54812 | Vaults:1 | Paralysed by something for 3 turns
 56054 | Orc:1    | Bought a manual of Maces & Flails for 1545 gold pieces
 56459 | Vaults:2 | Found a roughly hewn altar of Beogh.
 56583 | Vaults:2 | Reached XP level 19. HP: 157/157 MP: 31/31
 57081 | Vaults:2 | Found a bloodstained altar of Trog.
 57192 | Vaults:2 | Found a staircase to the Crypt.
 57566 | Vaults:2 | You fall into a shaft and drop 2 floors!
 57654 | Vaults:4 | Noticed a Tzitzimitl
 59305 | Vaults:3 | Noticed Jory
 59435 | Vaults:3 | Noticed Margery
 59446 | Vaults:3 | Killed Margery
 59732 | Vaults:3 | Reached skill level 15 in Maces & Flails
 60204 | Vaults:4 | Reached skill level 16 in Fighting
 61715 | Vaults:2 | Reached skill level 17 in Fighting
 62507 | Vaults:2 | Reached XP level 20. HP: 168/168 MP: 32/32
 63027 | Depths:1 | Entered Level 1 of the Depths
 63454 | Depths:1 | Paralysed by a great orb of eyes for 6 turns
 63463 | Depths:1 | Found a gateway to a ziggurat.
 64067 | Depths:1 | Acquired 538 gold pieces
 64366 | Depths:1 | Found a radiant altar of Vehumet.
 64376 | Depths:1 | Found Vahek's One-of-a-Kind Books.
 64391 | Depths:1 | Found a gateway to Hell.
 64813 | Orc:2    | Bought a wand of digging (4) for 192 gold pieces
 64871 | Orc:2    | Bought a scroll of magic mapping for 52 gold pieces
 64881 | Orc:2    | Bought a wand of acid (7) for 308 gold pieces
 65083 | Snake:2  | Bought a wand of acid (9) for 520 gold pieces
 65303 | Elf:1    | Entered Level 1 of the Elven Halls
 65515 | Elf:1    | Noticed Azrael
 65528 | Elf:1    | Killed Azrael
 66265 | Elf:1    | Identified Febuxaimm's Collected Works on Battle Magic and
                  | Creation
 66407 | Elf:1    | Found an ancient bone altar of Kikubaaqudgha.
 66526 | Elf:2    | Got a coiled iron ring
 66574 | Elf:2    | Found Gavviros's Magic Scroll Shoppe.
 66578 | Elf:2    | Bought a scroll of fear for 49 gold pieces
 66578 | Elf:2    | Bought a scroll of fog for 28 gold pieces
 66578 | Elf:2    | Bought a scroll of enchant weapon for 105 gold pieces
 66760 | Elf:2    | Identified the cursed ring of the Lotus Blossom {*Contam
                  | rF+ EV-4 Stlth+} (You found it on level 2 of the Elven
                  | Halls)
 66924 | Elf:2    | Found a runed translucent gate.
 66924 | Elf:2    | Found a runed translucent gate.
 66925 | Elf:2    | Found a runed translucent gate.
 67085 | Elf:3    | Entered Level 3 of the Elven Halls
 67555 | Elf:3    | Noticed Louise
 67567 | Elf:3    | Killed Louise
 67748 | Elf:3    | Identified the +7 dagger "Dragonbane" {vorpal, rPois}
 68281 | Elf:3    | Identified the ring "Acku" {rN+ Str+6} (You found it on
                  | level 3 of the Elven Halls)
 68307 | Elf:3    | Identified the +9 scimitar of the Devouring King {flame,
                  | rPois rC+ rN+ MP-9} (You found it on level 3 of the Elven
                  | Halls)
 68348 | Elf:3    | Identified the Catalogue of Contamination
 68401 | Elf:3    | Identified the cursed +0 morningstar of Hubris {speed, MR+
                  | Str+4} (You found it on level 3 of the Elven Halls)
 68417 | Elf:3    | Identified the cursed +1 chain mail of the Sea {MR- Str+6}
                  | (You found it on level 3 of the Elven Halls)
 68650 | Elf:3    | Identified the cursed +0 helmet of Lesutwet {Stlth+} (You
                  | found it on level 3 of the Elven Halls)
 69044 | D:11     | Bought the ring "Amuutaxyl" {rF+ rN+ Str+4} for 624 gold
                  | pieces
 69248 | Crypt:1  | Entered Level 1 of the Crypt
 70339 | Crypt:1  | Reached skill level 5 in Dodging
 71143 | Crypt:2  | Gained mutation: A demonic guardian rushes to your aid.
                  | [demonic ancestry]
 71143 | Crypt:2  | Reached XP level 21. HP: 171/175 MP: 33/33
 71454 | Crypt:2  | Noticed Sojobo
 71467 | Crypt:2  | Killed Sojobo
 71610 | Crypt:2  | Paralysed by a vampire knight for 3 turns
 72242 | Crypt:2  | Paralysed by a vampire knight for 6 turns
 73027 | Snake:1  | Bought a wand of digging (4) for 256 gold pieces
 73752 | Depths:2 | Found Ubbuklar's General Store.
 73765 | Depths:2 | Bought a scroll of enchant armour for 97 gold pieces
 73766 | Depths:2 | Bought a wand of iceblast (9) for 169 gold pieces
 73766 | Depths:2 | Bought a scroll of fog for 26 gold pieces
 73822 | Depths:2 | Reached skill level 15 in Evocations
 74238 | Depths:2 | Identified the ring "Tyak" {rC+ rCorr Int+3} (You found it
                  | on level 2 of the Depths)
 75352 | Depths:2 | Reached XP level 22. HP: 131/182 MP: 34/34
 75387 | Depths:2 | Noticed a golden dragon
 75391 | Depths:2 | Killed a golden dragon
 75452 | Depths:2 | Acquired 941 gold pieces
 75628 | Depths:2 | Found a one-way gate to the infinite horrors of the Abyss.
 75680 | Depths:2 | Noticed a golden dragon
 75690 | Depths:2 | Reached skill level 18 in Fighting
 75696 | Depths:2 | Killed a golden dragon
 76815 | Depths:3 | Reached skill level 19 in Fighting
 76989 | Depths:3 | Found a transporter.
 77440 | Depths:3 | Found a corrupted altar of Lugonu.
 77440 | Depths:3 | Found a transporter.
 77494 | Depths:3 | Found a one-way gate leading to the halls of Pandemonium.
 77809 | D:14     | Killed Roxanne
 77952 | Lair:1   | Killed Shoal's ghost
 78338 | Lair:2   | Identified Adydea's Handbook of the Frostbite and Black
                  | Secrets
 78583 | Depths:3 | Identified the +10 longbow of Action {vorpal, rC+ Str-2
                  | Int+3} (You found it on level 3 of the Depths)
 79277 | Depths:4 | Found an opulent altar of Gozag.
 79390 | Depths:4 | Reached skill level 10 in Translocations
 79710 | Depths:4 | Acquired 533 gold pieces
 79719 | Depths:4 | Noticed the Enchantress
 79732 | Depths:4 | Killed the Enchantress
 80335 | Depths:4 | Gained mutation: You are completely covered in icy blue
                  | scales. (AC +4, rC+) [demonic ancestry]
 80335 | Depths:4 | Reached XP level 23. HP: 192/194 MP: 35/35
 80955 | Depths:4 | Found a basalt altar of Yredelemnul.
 81590 | Depths:4 | Found an ancient bone altar of Kikubaaqudgha.
 81604 | Depths:4 | Learned a level 1 spell: Apportation
 82003 | Depths:4 | Found a hazy altar of Hepliaklqana.
 82481 | Crypt:3  | Entered Level 3 of the Crypt
 82505 | Crypt:3  | Reached skill level 20 in Fighting
 83021 | Crypt:3  | Found an ancient bone altar of Kikubaaqudgha.
 83112 | Crypt:3  | Identified the ring of Naahiad {MR+ Str+4 Int-2 SInv} (You
                  | found it on level 3 of the Crypt)
 83214 | Crypt:3  | Found a staircase to the Tomb.
 83245 | Crypt:3  | Acquired 933 gold pieces
 83639 | Crypt:3  | Found the +9 sword of Zonguldrok {reap}
 84261 | Crypt:3  | Noticed Boris
 84600 | Vaults:5 | Entered Level 5 of the Vaults
 85230 | Vaults:5 | Found Jatuc's Magic Scroll Boutique.
 85260 | Vaults:5 | Found Zoguh's Distillery.
 85268 | Vaults:5 | Bought a scroll of blinking for 105 gold pieces
 85268 | Vaults:5 | Bought a scroll of fog for 28 gold pieces
 85314 | Vaults:5 | Found Rugguget's Magic Scroll Shop.
 85323 | Vaults:5 | Bought 2 scrolls of blinking for 240 gold pieces
 85323 | Vaults:5 | Bought a scroll of magic mapping for 56 gold pieces
 85482 | Vaults:5 | Noticed an ancient lich
 85529 | Vaults:5 | Killed an ancient lich
 85671 | Vaults:5 | Gained mutation: You are immune to clouds of flame.
                  | [demonic ancestry]
 85671 | Vaults:5 | Reached XP level 24. HP: 204/204 MP: 35/35
 85864 | Vaults:5 | Got a silver rune of Zot
 86225 | Vaults:5 | Noticed an ancient lich
 86242 | Vaults:5 | Killed an ancient lich
 86898 | Vaults:5 | Found Kakun's Book Boutique.
 86901 | Vaults:5 | Found Jeraira's Gadget Shoppe.
 86989 | Vaults:5 | Found Icwyco's Book Shop.
 87209 | Vaults:5 | Found Qeim's Magic Scroll Shop.
 87213 | Vaults:5 | Bought a scroll of fog for 44 gold pieces
 87213 | Vaults:5 | Bought a scroll of acquirement for 1144 gold pieces
 87213 | Vaults:5 | Acquired the ring "Qimonn" {rElec Str+3 Dex+6}
 87263 | Vaults:5 | Found Xiosang's Antique Weapon Emporium.
 87272 | Vaults:5 | Found Duanwis's Jewellery Shop.
 87277 | Vaults:5 | Bought a cursed ring of attention for 90 gold pieces
 87398 | Vaults:5 | Found Lehatuasi's Distillery.
 87402 | Vaults:5 | Bought a potion of heal wounds for 85 gold pieces
 87402 | Vaults:5 | Bought a potion of haste for 170 gold pieces
 87684 | Hell     | Entered the Vestibule of Hell
 87691 | Hell     | Noticed Geryon
 88130 | Depths:1 | Reached skill level 15 in Bows
 89311 | Hell     | Killed Geryon
 89686 | Hell     | Found a gateway to the freezing wastes of Cocytus.
 89808 | Hell     | Found a gateway to the Iron City of Dis.
 89890 | Hell     | Found a gateway to the decaying netherworld of Tartarus.
 89970 | Hell     | Found a gateway to the ashen valley of Gehenna.
 90118 | Geh:1    | Entered Level 1 of Gehenna
 91356 | Geh:2    | Reached skill level 15 in Armour
 92708 | Geh:2    | Reached XP level 25. HP: 202/210 MP: 28/35
 94614 | Geh:6    | You fall into a shaft and drop 1 floor!
 94614 | Geh:7    | Entered Level 7 of Gehenna
 94832 | Geh:7    | Noticed the Serpent of Hell
 94849 | Geh:7    | Killed the Serpent of Hell
 96328 | Geh:7    | Identified the +7 sceptre of Asmodeus
 96328 | Geh:7    | Noticed Asmodeus
 98576 | Slime:2  | Paralysed by a floating eye for 4 turns
 99232 | Slime:2  | Gained mutation: Your magical capacity is low. (-10% MP) [a
                  | shining eye]
 99233 | Slime:2  | Gained mutation: Scrolls take you a little longer to read.
                  | [a shining eye]
 99507 | Slime:3  | Gained mutation: You are frail. (-10% HP) [a shining eye]
 99595 | Slime:2  | Lost mutation: You are frail. (-10% HP) [potion of
                  | mutation]
 99595 | Slime:2  | Lost mutation: Scrolls take you a little longer to read.
                  | [potion of mutation]
 99595 | Slime:2  | Gained mutation: Your body sometimes deteriorates upon
                  | taking damage. [potion of mutation]
 99595 | Slime:2  | Gained mutation: You have a beak for a mouth. [potion of
                  | mutation]
 99595 | Slime:2  | Gained mutation: Your spells are a little harder to cast,
                  | but a little more powerful. [potion of mutation]
100253 | Slime:3  | Gained mutation: You are dopey. (Int -2) [a shining eye]
100256 | Slime:3  | Gained mutation: You are clumsy. (Dex -2) [a shining eye]
100389 | Slime:3  | Gained mutation: Your body often deteriorates upon taking
                  | damage. [a shining eye]
100390 | Slime:3  | Gained mutation: You are occasionally teleported next to
                  | monsters. [a shining eye]
100392 | Slime:2  | Gained mutation: Scrolls take you a little longer to read.
                  | [a shining eye]
100393 | Slime:2  | Gained mutation: You tend to lose your temper in combat. [a
                  | shining eye]
100396 | Slime:2  | Lost mutation: Your spells are a little harder to cast, but
                  | a little more powerful. [a shining eye]
100400 | Slime:2  | Gained mutation: You are frail. (-10% HP) [a shining eye]
100430 | Slime:2  | Lost mutation: You are occasionally teleported next to
                  | monsters. [potion of mutation]
100430 | Slime:2  | Lost mutation: Your magical capacity is low. (-10% MP)
                  | [potion of mutation]
100430 | Slime:2  | Gained mutation: You are very dopey. (Int -4) [potion of
                  | mutation]
100430 | Slime:2  | Gained mutation: Your flesh is very heat resistant. (rF++)
                  | [potion of mutation]
100430 | Slime:2  | Lost mutation: You are very dopey. (Int -4) [potion of
                  | mutation]
100431 | Slime:2  | Lost mutation: Scrolls take you a little longer to read.
                  | [potion of mutation]
100431 | Slime:2  | Lost mutation: You tend to lose your temper in combat.
                  | [potion of mutation]
100431 | Slime:2  | Gained mutation: You are very dopey. (Int -4) [potion of
                  | mutation]
100431 | Slime:2  | Lost mutation: You are clumsy. (Dex -2) [potion of
                  | mutation]
100777 | Slime:4  | Gained mutation: A powerful demonic guardian rushes to your
                  | aid. [demonic ancestry]
100777 | Slime:4  | Reached XP level 26. HP: 184/194 MP: 33/35
100980 | Slime:5  | Entered Level 5 of the Pits of Slime
101102 | Slime:5  | Noticed the Royal Jelly
101103 | Slime:5  | Found a viscous altar of Jiyva.
101112 | Slime:5  | Killed the Royal Jelly
101114 | Slime:5  | Gained mutation: Your spells are a little easier to cast,
                  | but a little less powerful. [a shining eye]
101123 | Slime:5  | HP: 4/196 [disintegration (41)]
101130 | Slime:5  | HP: 8/196 [acid (7)]
101131 | Slime:5  | HP: 1/196 [acid blob/splash of acid (8)]
101131 | Slime:5  | Splashed by an acid blob's acid

Illustrated notes

Levels and vault maps discovered:
D:1:      minmay_arrival_wavy_path, layout_basic, serial_forest,
          infiniplex_forest_diagonal, infiniplex_forest_clump_small,
          infiniplex_forest_straight_4, infiniplex_forest_zigzag_2,
          infiniplex_forest_pool, infiniplex_forest_straight_4,
          infiniplex_forest_lined_corner, infiniplex_forest_corner_1,
          infiniplex_forest_clump_double
D:2:      layout_rooms, grunt_gozag_statues, dk_noncrumbling_3,
          grunt_ministairs_8
D:3:      layout_basic, nicolae_ru_the_path_less_chosen
D:4:      layout_basic, lemuel_coloured_pillars_altar,
          kiku_gazebo_garden_becter, uniq_edmund
D:5:      layout_rooms, gammafunk_ghost_nasty_kobolds, skrybe_limestone_x,
          cheibrodos_gnoll_hut, uniq_pikel
D:6:      layout_basic, tgw_xom, overflow_temple_1_default,
          minmay_temple_entry_waves, nicolae_ossuary_entry_giza, serial_shops,
          nicolae_shop_behind_doors, uniq_prince_ribbit1
D:7:      layout_rooms, kennysheep_ying_yang, nicolae_water_bricks
D:8:      layout_rooms, lemuel_tele_altar
D:9:      layout_loops_ring, nicolae_overflow_hidden_temple,
          chequers_temple_overflow_statue_of_worship, worms_lemuel
D:10:     layout_loops_ring, minmay_orc_entry_guard_dogs, st_stairs_2
D:11:     layout_cave_pools, lair_entry_dummy, serial_shops,
          nicolae_shop_statue_plus, uniq_harold, uniq_josephine, uniq_urug
D:12:     layout_loops_ring, uniq_nessos, uniq_frances, uniq_fannar
D:13:     gargoyle_guard, layout_small_grid,
          hangedman_vaults_entry_quadrant_bands
D:14:     layout_irregular_city, serial_bayou_shore_a,
          hangedman_corner_corridor, uniq_roxanne
D:15:     grunt_enter_depths_hoard, layout_long_grid, old_standard_altar,
          cheibriados_altar_1
Lair:1:   layout_small_grid, basic_altar, gammafunk_ghost_split,
          serial_bayou_crossing, grunt_megastairs_2, uniq_nergalle
Lair:2:   layout_regular_city, swamp_mist_pool, minmay_lair_oklob_chamber
Lair:3:   layout_misc_corridors
Lair:4:   layout_long_grid, dummy_snake_entry, nicolae_volcano_entry_lava_flow,
          portal_ice_cave_rime
Lair:5:   layout_regular_city, roderic_carrion_pond
Lair:6:   due_jungle_book, layout_regular_city, minmay_slime_entry_jelly_boxes,
          chequers_serial_rivers_large_b, st_stairs_13
Swamp:1:  layout_falls_marsh, evilmike_swamp_ruin_rubble_1
Swamp:2:  layout_basic_swamp, nicolae_swamp_very_dense_foliage
Swamp:3:  layout_falls_marsh, basic_altar
Swamp:4:  swamp_alternative, layout_basic_swamp, swamp_pool3
Snake:1:  layout_misc_corridors, serial_shops, nicolae_shop_window_shopping
Snake:2:  layout_rooms, serial_shops, nicolae_shop_waterfront
Snake:3:  cheibrodos_snake_ritualist_ritual, layout_rooms, basic_altar,
          serial_shops, shop_statue, nicolae_shop_stone, shop
Snake:4:  johnstein_snake_rune_scales, layout_gridlike, grunt_megastairs_1,
          minmay_shop_star
Slime:1:  layout_caves
Slime:2:  layout_caves, nicolae_slime_welcoming_committee
Slime:3:  layout_caves
Slime:4:  layout_caves
Slime:5
Orc:1:    layout_caves, serial_shops, shop
Orc:2:    pubby_orc_utopia, serial_shops
Elf:1:    elf_arrival_001, layout_geoelf_diagonals, basic_altar,
          minmay_elf_sorcery, nicolae_elf_glass_and_crystal_pillar_2,
          uniq_azrael
Elf:2:    layout_geoelf_grid, serial_shops, shop, grunt_ministairs_3,
          onia_ninara_cookie
Elf:3:    minmay_elf_hall, layout_geoelf_octagon, minmay_misc_feat_alley,
          nrook_mini_backslash, uniq_louise
Vaults:1: ontoclasm_vaults_shuriken, vaults_mumra_chevron,
          nicolae_vaults_windows_and_doors_thing, ontoclasm_vaults_eye,
          vaults_room_grid, vaults_room_semicircle, dpeg_vaults_monster_box,
          layout_vaults_quadrants, enter_trove_0
Vaults:2: vaults_room_hallway, special_room_vaults [special_room_orc],
          minmay_crypt_entry_simple_corners, nicolae_vaults_big_ls,
          hangedman_vaults_hat, vaults_room_semicircle, vaults_room_pool,
          vaults_room_pool, grunt_vaults_hallway_long, v_alt_pattern_3,
          nicolae_vaults_network_square, nicolae_vaults_network_quinsquares
          [nicolae_vaults_network_quincunx_subvault,
          nicolae_vaults_network_quincunx_subvault,
          nicolae_vaults_network_quincunx_subvault,
          nicolae_vaults_network_quincunx_subvault],
          vaults_mumra_minichess_inversion, nicolae_vaults_asterisk,
          nicolae_vaults_angled_halls, layout_vaults_omnibox, basic_altar
Vaults:3: v_misc_16, vaults_dpeg_ring, grunt_vaults_funnel, vaults_dpeg_hooks,
          v_misc_13, nicolae_vaults_triangles, hangedman_vaults_trim,
          hangedman_vaults_slither, vaults_room_grid, v_misc_14, serial_ice_h,
          st_smaller_cells, nicolae_vaults_yaktaur_gun_rack,
          nicolae_vaults_ring_of_whatevers, layout_vaults_ring, uniq_jory,
          uniq_margery
Vaults:4: v_misc_1, grunt_vaults_hallway_long, ontoclasm_vaults_misaligned,
          vaults_mumra_hexcomb, ontoclasm_vaults_gateway,
          vaults_dpeg_encased_lava, nicolae_vaults_circle_grid_a,
          v_alt_pattern_4, v_misc_26, v_misc_15, v_misc_25,
          nicolae_vaults_little_squares_2, ontoclasm_vaults_loading_screen,
          nicolae_vaults_rhombus_5, layout_vaults_big_room,
          portal_desolation_entry_nicolae_slug
Vaults:5: serial_shops
Crypt:1:  layout_chaotic_city, grunt_ministairs_15, minivault_11,
          grunt_crypt_arrival_webbed
Crypt:2:  layout_chaotic_city, uniq_sojobo
Crypt:3:  church_of_pain_bobbens, layout_chaotic_city, serial_glass,
          glass_columns_a, glass_columns_a, weyrava_lich_vault
Depths:1: layout_gridville, enter_ziggurat_d, hangedman_coc_ice_floe,
          hangedman_abyss_or_decor_slice, chequers_serial_rivers_micro_a,
          nicolae_rare_books, grunt_ministairs_15, minmay_misc_feat_five,
          lemuel_statue_altar, minmay_shop_grove
Depths:2: grunt_twisty_corner, layout_gridlike, abyss_entry, serial_shops, shop,
          hangedman_decor_clover_reticule, hell_entry,
          infiniplex_staircase_pool_2, serial_bayou_shore_b
Depths:3: gammafunk_corrupted_shrine, layout_cave_shapes, grunt_hell_horde,
          kennysheep_path_1, pan_entry, drop_trap, bh_walls_and_bars
Depths:4: grunt_profane_halls [grunt_profane_temple_dis,
          grunt_profane_temple_tar, grunt_profane_temple_coc,
          grunt_profane_temple_geh, grunt_profane_loot], hell_entry,
          abyss_entry, uniq_enchantress
Hell
Geh:1:    layout_gehenna_lava_caves
Geh:2:    layout_gehenna_lava_caves, nicolae_geh_sunburst
Geh:3:    layout_gehenna_lava_caves
Geh:4:    layout_gehenna_pools_box, nicolae_geh_lava_in_the_way
Geh:5:    layout_gehenna_pools_basic, hangedman_generic_boss_arena
Geh:6:    layout_gehenna_lava_caves
Geh:7:    geh_grunt_pentagon

Skill      XL: |  1  2  3  4  5  6  7  8  9 10 11 12 13 14 15 16 17 18 19 20 21 22 23 24 25 26 |
---------------+-------------------------------------------------------------------------------+-----
Staves         | 3 4 5 6 |  6.6
Maces & Flails | 2 6 8 9 10 11 15 17 18 | 18.3
Fighting       | 4 7 8 9 11 15 17 19 20 | 20.0
Armour         | 5 6 8 9 12 13 14 15 18 | 18.7
Poison Magic   | 6 7 9 |  9.1
Air Magic      | 4 5 6 7 |  7.6
Bows           | 8 9 12 14 16 | 16.3
Spellcasting   | 2 8 |  8.9
Evocations     | 7 8 10 12 14 16 17 18 | 18.2
Translocations | 8 13 14 | 14.5
Dodging        | 6 9 |  9.1
Throwing       | |  1.7

Action                   |  1- 3 |  4- 6 |  7- 9 | 10-12 | 13-15 | 16-18 | 19-21 | 22-24 | 25-27 || total
-------------------------+-------+-------+-------+-------+-------+-------+-------+-------+-------++-------
Melee: Quarterstaff      |   105 |   109 |     1 |       |       |       |       |       |       ||   215
       Kick              |       |    16 |    58 |   144 |   153 |   106 |   140 |   170 |   171 ||   958
       Flail             |       |    25 |   241 |   411 |   312 |       |       |       |       ||   989
       Longbow           |       |       |       |     1 |       |       |     1 |       |       ||     2
       Morningstar       |       |       |       |       |    99 |   255 |       |       |       ||   354
       Great mace        |       |       |       |       |       |    12 |   280 |   375 |   287 ||   954
       Peck              |       |       |       |       |       |       |       |       |    23 ||    23
 Fire: Shortbow          |       |       |     7 |    27 |       |       |       |       |       ||    34
       Longbow           |       |       |       |   147 |  1081 |  1005 |   918 |  1180 |   458 ||  4789
Throw: Throwing net      |    10 |       |       |       |       |       |       |       |       ||    10
       Stone             |    41 |    44 |    28 |    24 |       |       |       |       |       ||   137
       Boomerang         |       |     6 |       |    48 |       |       |       |       |       ||    54
       Dart              |       |    23 |    39 |    16 |     5 |       |       |       |       ||    83
       Javelin           |       |       |    56 |    16 |     3 |       |       |       |       ||    75
 Cast: Poisonous Vapours |       |       |       |    28 |    53 |     1 |     4 |    13 |       ||    99
       Blink             |       |       |       |       |     1 |       |     4 |    28 |    10 ||    43
       Apportation       |       |       |       |       |       |       |       |   104 |   268 ||   372
Invok: Potion Petition   |       |       |     1 |       |       |     1 |     3 |       |     8 ||    13
       Call Merchant     |       |       |       |     1 |     1 |       |       |       |       ||     2
       Bribe Branch      |       |       |       |       |       |     1 |     1 |     3 |     1 ||     6
 Abil: Evoke Flight      |       |       |       |       |       |     2 |       |       |       ||     2
       Evoke Invisibilit |       |       |       |       |       |     1 |     2 |     4 |     1 ||     8
Evoke: Wand              |       |       |     4 |     3 |    43 |    34 |    56 |    40 |    12 ||   192
       Phantom mirror    |       |       |       |     1 |     2 |     1 |     1 |     1 |     2 ||     8
       Phial of floods   |       |       |       |       |     4 |     2 |       |     3 |     1 ||    10
       Tin of tremorston |       |       |       |       |     8 |     6 |     4 |    16 |     7 ||    41
       Condenser vane    |       |       |       |       |     8 |    12 |    21 |    22 |     6 ||    69
       Lightning rod     |       |       |       |       |     3 |     8 |       |     7 |       ||    18
       Box of beasts     |       |       |       |       |       |     8 |    17 |    20 |     9 ||    54
  Use: Scroll            |       |    11 |    10 |    15 |    16 |    22 |    30 |    21 |    17 ||   142
       Potion            |       |       |     7 |    11 |     4 |     3 |     5 |    12 |    23 ||    65
 Stab: Held in net/web   |     1 |       |       |       |       |       |       |       |       ||     1
       Distracted        |       |       |     4 |     3 |     7 |     2 |     2 |     6 |     7 ||    31
       Invisible         |       |       |     4 |       |       |       |       |       |       ||     4
       Paralysed         |       |       |       |       |       |     2 |     1 |       |       ||     3
       Confused          |       |       |       |       |       |     2 |       |       |       ||     2
       Sleeping          |       |       |       |       |       |       |       |       |     1 ||     1
Armor: Leather armour    |    32 |       |       |       |       |       |       |       |       ||    32
       Chain mail        |    47 |    89 |   142 |   133 |       |       |       |       |       ||   411
       Plate armour      |       |       |       |   275 |   744 |   279 |       |       |       ||  1298
       Gold dragon scale |       |       |       |       |       |   318 |   468 |   849 |   547 ||  2182
Dodge: Dodged            |    85 |    58 |   100 |   249 |   344 |   248 |   219 |   520 |   304 ||  2127
       Repelled          |       |       |       |       |       |       |    10 |    20 |     7 ||    37

Table legend: (Time is in decaauts)
 A = Elapsed time spent in this place.
 B = Non-inter-level travel time spent in this place.
 C = Inter-level travel time spent in this place.
 D = Time resting spent in this place.
 E = Time spent auto-exploring this place.
 F = Levels seen in this place.
 G = Mean time per level.
                   A        B        C        D        E       F      G
               +--------+--------+--------+--------+--------+-----+--------+
         Total | 101594 |  91370 |  10224 |  32211 |  38178 |  61 | 1665.5 |
       Dungeon |  26007 |  22665 |   3342 |   8681 |   9465 |  15 | 1733.8 |
          Lair |  12626 |  10288 |   2338 |   3091 |   5260 |   6 | 2104.3 |
         Swamp |   5599 |   5176 |    423 |   1827 |   2667 |   4 | 1399.8 |
     Snake Pit |   7751 |   6748 |   1003 |   2783 |   2338 |   4 | 1937.8 |
    Slime Pits |   2709 |   2681 |     28 |   1045 |   1015 |   5 |  541.8 |
  Orcish Mines |   5438 |   4588 |    850 |   1621 |   1732 |   2 | 2719.0 |
   Elven Halls |   3617 |   3478 |    139 |    936 |   1802 |   3 | 1205.7 |
        Vaults |  13300 |  12154 |   1146 |   3622 |   5581 |   5 | 2660.0 |
         Crypt |   5589 |   5316 |    273 |   1687 |   2305 |   3 | 1863.0 |
        Depths |  11138 |  10556 |    582 |   5069 |   3076 |   4 | 2784.5 |
          Hell |   1561 |   1497 |     64 |    885 |    417 |   1 | 1561.0 |
       Gehenna |   5747 |   5715 |     32 |    866 |   2340 |   7 |  821.0 |
         Trove |    130 |    130 |      0 |      0 |     43 |   1 |  130.0 |
       Ossuary |    377 |    377 |      0 |     94 |    135 |   1 |  377.0 |
               +--------+--------+--------+--------+--------+-----+--------+

Top non-repeatable levels by time:
   Orc:2: 4712 daAuts
    D:10: 3938 daAuts
Depths:4: 3551 daAuts
  Lair:6: 3492 daAuts
Vaults:2: 3424 daAuts
    D:13: 3037 daAuts
Vaults:1: 2980 daAuts
Depths:1: 2896 daAuts
Depths:2: 2879 daAuts
Vaults:5: 2844 daAuts
  Lair:2: 2611 daAuts
    D:11: 2463 daAuts
Vaults:3: 2272 daAuts
    D:12: 2253 daAuts
 Snake:2: 2133 daAuts
